| TOP OF THE 1ST |
|
Pawtucket Red Sox batting - Pitching for Rochester Red Wings : LHP David Gordon
|
|
Pitching: LHP David Gordon
|
|
|
Batting: RHB Matt Hinkle
|
0-0: Ground out 1-3 (Groundball, 13, EV 63.8 MPH)
|
|
Batting: RHB Carlos Nolasco
|
0-0: Swinging Strike 0-1: Swinging Strike 0-2: Ball 1-2: Strikes out swinging
|
|
Batting: RHB Roberto Morales
|
0-0: Called Strike 0-1: Ball 1-1: Swinging Strike 1-2: Ball 2-2: Foul Ball, location: 2F 2-2: Ground out 6-3 (Groundball, 6, EV 90.0 MPH)
|
| Top of the 1st over - 0 runs, 0 hits, 0 errors, 0 left on base; Pawtucket 0 - Rochester 0 |
| BOTTOM OF THE 1ST |
|
Rochester Red Wings batting - Pitching for Pawtucket Red Sox : RHP Graham Jackson
|
|
Pitching: RHP Graham Jackson
|
|
|
Batting: RHB José Molina
|
0-0: Ball 1-0: Foul Ball, location: 2F 1-1: Ball 2-1: Ball 3-1: Fly out, F9 (Flyball, 9, EV 83.1 MPH)
|
|
Batting: SHB Ian Thompson
|
0-0: Ball 1-0: Foul Ball, location: 2F 1-1: Foul Ball, location: 2F 1-2: Ball 2-2: Foul Ball, location: 2F 2-2: Ball 3-2: Foul Ball, location: 2F 3-2: Ground out 4-3 (Groundball, 34, EV 108.8 MPH)
|
|
Batting: RHB Leo Gonzalez
|
0-0: Called Strike 0-1: Foul Ball, location: 2F 0-2: Ball 1-2: Ball 2-2: Strikes out swinging
|
| Bottom of the 1st over - 0 runs, 0 hits, 0 errors, 0 left on base; Pawtucket 0 - Rochester 0 |
| TOP OF THE 2ND |
|
Pawtucket Red Sox batting - Pitching for Rochester Red Wings : LHP David Gordon
|
|
Batting: RHB Joe Sandoval
|
0-0: Called Strike 0-1: Swinging Strike 0-2: Ball 1-2: Ball 2-2: Ball 3-2: Base on Balls
|
|
Batting: RHB Brandon Perris
|
0-0: Foul Ball, location: 2F 0-1: Foul Ball, location: 2F 0-2: Ball 1-2: Ball 2-2: Ball 3-2: Foul Ball, location: 2F 3-2: SINGLE (Groundball, 4D, EV 108.1 MPH) Joe Sandoval to second Runner from 2nd tries for 3rd, SAFE, throw by CF made to third
|
|
Batting: RHB Andy Garvin
|
0-0: Foul Ball, location: 2F 0-1: Ball 1-1: DOUBLE (Line Drive, 7D, EV 108.1 MPH) Joe Sandoval scores Brandon Perris to third
|
|
Batting: RHB Ted Emmerich
|
0-0: Foul Ball, location: 2F 0-1: Called Strike 0-2: Ground out 6-3 (Groundball, 56, EV 88.1 MPH) Brandon Perris scores
|
|
Batting: RHB Joe Evrard
|
0-0: Called Strike 0-1: Ball 1-1: Swinging Strike 1-2: Strikes out looking
|
|
Batting: SHB Gus Cruz
|
0-0: Called Strike 0-1: Ball 1-1: Swinging Strike 1-2: Ball 2-2: Strikes out swinging
|
| Top of the 2nd over - 2 runs, 2 hits, 0 errors, 1 left on base; Pawtucket 2 - Rochester 0 |
| BOTTOM OF THE 2ND |
|
Rochester Red Wings batting - Pitching for Pawtucket Red Sox : RHP Graham Jackson
|
|
Batting: RHB Colin Boddy
|
0-0: Ball 1-0: Foul Ball, location: 2F 1-1: Fly out, F8 (Flyball, 8LD, EV 105.0 MPH)
|
|
Batting: LHB Chaim Huting
|
0-0: Ball 1-0: Ball 2-0: Ball 3-0: Base on Balls
|
|
Batting: SHB Manny Molina
|
0-0: Called Strike 0-1: SINGLE (Line Drive, 8RS, EV 105.6 MPH) Chaim Huting to second Runner from 2nd tries for 3rd, SAFE, throw by CF made to third
|
|
Batting: RHB Cyril Husson
|
0-0: Called Strike Manny Molina is caught stealing 2nd base 2-4 0-1: Swinging Strike 0-2: Foul Ball, location: 2F 0-2: Fly out, F7 (Line Drive, 78M, EV 103.8 MPH)
|
| Bottom of the 2nd over - 0 runs, 1 hit, 0 errors, 1 left on base; Pawtucket 2 - Rochester 0 |
| TOP OF THE 3RD |
|
Pawtucket Red Sox batting - Pitching for Rochester Red Wings : LHP David Gordon
|
|
Batting: RHB Matt Hinkle
|
0-0: Ball 1-0: DOUBLE (Line Drive, 78D, EV 107.5 MPH)
|
|
Batting: RHB Carlos Nolasco
|
0-0: Called Strike 0-1: Ball 1-1: Fly out, F7 (Line Drive, 7, EV 91.2 MPH) Runner from 2nd tags up, SAFE at 3rd with throw by LF
|
|
Batting: RHB Roberto Morales
|
0-0: Ball 1-0: Swinging Strike 1-1: Ground out U3 (Groundball, 34, EV 106.9 MPH) Matt Hinkle scores
|
|
Batting: RHB Joe Sandoval
|
0-0: SINGLE (Line Drive, 7S, EV 105.6 MPH)
|
|
Batting: RHB Brandon Perris
|
0-0: Ball 1-0: Foul Ball, location: 2F 1-1: SINGLE (Groundball, 34D, EV 96.9 MPH) Joe Sandoval to second Runner from 2nd tries for 3rd, SAFE, throw by RF made to third
|
|
Batting: RHB Andy Garvin
|
0-0: Ball 1-0: Called Strike 1-1: Called Strike 1-2: Fly out, F9 (Flyball, 9, EV 85.6 MPH)
|
| Top of the 3rd over - 1 run, 3 hits, 0 errors, 2 left on base; Pawtucket 3 - Rochester 0 |
| BOTTOM OF THE 3RD |
|
Rochester Red Wings batting - Pitching for Pawtucket Red Sox : RHP Graham Jackson
|
|
Batting: RHB Ryan Gautney
|
0-0: Ball 1-0: Ball 2-0: Ball 3-0: Called Strike 3-1: Foul Ball, location: 2F 3-2: Foul Ball, location: 2F 3-2: Base on Balls
|
|
Batting: LHB Tyler Allen
|
0-0: Hit by Pitch Ryan Gautney to second
|
|
Batting: RHB José Molina
|
0-0: Called Strike 0-1: Ball 1-1: Called Strike 1-2: Foul Ball, location: 2F 1-2: Ball 2-2: Foul Ball, location: 2F 2-2: Fielders Choice at 2nd, 5-4 (Groundball, 56S, EV 88.1 MPH) Ryan Gautney to third
|
|
Batting: SHB Ian Thompson
|
0-0: Called Strike 0-1: Fielders Choice at 2nd, 4-6 (Groundball, 4, EV 93.1 MPH) Ryan Gautney scores
|
|
Batting: RHB Leo Gonzalez
|
0-0: Ball 1-0: Fly out, F9 (Flyball, 9D, EV 90.6 MPH)
|
| Bottom of the 3rd over - 1 run, 0 hits, 0 errors, 1 left on base; Pawtucket 3 - Rochester 1 |
| TOP OF THE 4TH |
|
Pawtucket Red Sox batting - Pitching for Rochester Red Wings : LHP David Gordon
|
|
Batting: RHB Ted Emmerich
|
0-0: Called Strike 0-1: Ball 1-1: Fly out, F7 (Flyball, 7, EV 92.5 MPH)
|
|
Batting: RHB Joe Evrard
|
0-0: Ball 1-0: Ground out 4-3 (Groundball, 34, EV 98.1 MPH)
|
|
Batting: SHB Gus Cruz
|
0-0: Ball 1-0: Foul Ball, location: 2F 1-1: Called Strike 1-2: Fly out, F4 (Line Drive, 4, EV 71.2 MPH)
|
| Top of the 4th over - 0 runs, 0 hits, 0 errors, 0 left on base; Pawtucket 3 - Rochester 1 |
| BOTTOM OF THE 4TH |
|
Rochester Red Wings batting - Pitching for Pawtucket Red Sox : RHP Graham Jackson
|
|
Batting: RHB Colin Boddy
|
0-0: Swinging Strike 0-1: Ball 1-1: Foul Ball, location: 2F 1-2: Fly out, F8 (Flyball, 78D, EV 104.4 MPH)
|
|
Batting: LHB Chaim Huting
|
0-0: Called Strike 0-1: Ground out 6-3 (Groundball, 6, EV 78.1 MPH)
|
|
Batting: SHB Manny Molina
|
0-0: Foul Ball, location: 2F 0-1: Ball 1-1: Ball 2-1: Fly out, F8 (Flyball, 8LD, EV 96.2 MPH)
|
| Bottom of the 4th over - 0 runs, 0 hits, 0 errors, 0 left on base; Pawtucket 3 - Rochester 1 |
| TOP OF THE 5TH |
|
Pawtucket Red Sox batting - Pitching for Rochester Red Wings : LHP David Gordon
|
|
Batting: RHB Matt Hinkle
|
0-0: Foul Ball, location: 2F 0-1: Ball 1-1: Ball 2-1: Called Strike 2-2: Ball 3-2: Foul Ball, location: 2F 3-2: Base on Balls
|
|
Batting: RHB Carlos Nolasco
|
0-0: Ball 1-0: Called Strike 1-1: Swinging Strike 1-2: Foul Ball, location: 2F 1-2: Strikes out swinging
|
|
Batting: RHB Roberto Morales
|
0-0: Called Strike 0-1: Foul Ball, location: 2F 0-2: Fielders Choice at 2nd, 4-6 (Groundball, 34, EV 90.6 MPH)
|
|
Batting: RHB Joe Sandoval
|
0-0: Ball 1-0: Called Strike 1-1: Foul Ball, location: 2F 1-2: Strikes out looking
|
| Top of the 5th over - 0 runs, 0 hits, 0 errors, 1 left on base; Pawtucket 3 - Rochester 1 |
| BOTTOM OF THE 5TH |
|
Rochester Red Wings batting - Pitching for Pawtucket Red Sox : RHP Graham Jackson
|
|
Batting: RHB Cyril Husson
|
0-0: Ball 1-0: Ball 2-0: SINGLE (Groundball, 56D, EV 98.1 MPH)
|
|
Batting: RHB Ryan Gautney
|
0-0: Called Strike Cyril Husson steals 2nd base 0-1: Foul Ball, location: 2F 0-2: Ball 1-2: SINGLE (Flyball, 4MD, EV 91.2 MPH) Cyril Husson to third
|
|
Batting: LHB Tyler Allen
|
0-0: Ball 1-0: Called Strike 1-1: Called Strike 1-2: Ball 2-2: Fly out, F8 (Flyball, 8LM, EV 85.6 MPH)
|
|
Batting: RHB José Molina
|
0-0: Ball 1-0: Foul Ball, location: 2F 1-1: Fly out, F9 (Flyball, 9, EV 88.8 MPH)
|
|
Batting: SHB Ian Thompson
|
0-0: Called Strike 0-1: Ball 1-1: Called Strike 1-2: Foul Ball, location: 2F 1-2: Ball 2-2: Ball 3-2: SINGLE (Groundball, 56D, EV 96.9 MPH) Cyril Husson scores Ryan Gautney to second Ryan Gautney to third
|
|
Batting: RHB Leo Gonzalez
|
0-0: Ball 1-0: Ball 2-0: Foul Ball, location: 2F 2-1: Fielders Choice at 2nd, 6-4 (Groundball, 6, EV 86.9 MPH)
|
| Bottom of the 5th over - 1 run, 3 hits, 0 errors, 2 left on base; Pawtucket 3 - Rochester 2 |
| TOP OF THE 6TH |
|
Pawtucket Red Sox batting - Pitching for Rochester Red Wings : LHP David Gordon
|
|
Batting: RHB Brandon Perris
|
0-0: Ball 1-0: Ground out 5-3 (Groundball, 56, EV 82.5 MPH)
|
|
Batting: RHB Andy Garvin
|
0-0: Ball 1-0: Ground out 5-3 (Groundball, 56, EV 78.1 MPH)
|
|
Batting: RHB Ted Emmerich
|
0-0: Ball 1-0: Ball 2-0: Ball 3-0: Called Strike 3-1: Called Strike 3-2: Base on Balls
|
|
Batting: RHB Joe Evrard
|
0-0: Called Strike 0-1: Foul Ball, location: 2F 0-2: Ball 1-2: Fielders Choice at 2nd, 6-4 (Groundball, 6, EV 89.4 MPH)
|
| Top of the 6th over - 0 runs, 0 hits, 0 errors, 1 left on base; Pawtucket 3 - Rochester 2 |
| BOTTOM OF THE 6TH |
|
Rochester Red Wings batting - Pitching for Pawtucket Red Sox : RHP Graham Jackson
|
|
Batting: RHB Colin Boddy
|
0-0: Called Strike 0-1: Ball 1-1: Fly out, F9 (Flyball, 89M, EV 81.2 MPH)
|
|
Batting: LHB Chaim Huting
|
0-0: Ball 1-0: Ball 2-0: Swinging Strike 2-1: Foul Ball, location: 2F 2-2: Ground out U3 (Groundball, 3S, EV 92.5 MPH)
|
|
Batting: SHB Manny Molina
|
0-0: Ground out 6-3 (Groundball, 6, EV 82.5 MPH)
|
| Bottom of the 6th over - 0 runs, 0 hits, 0 errors, 0 left on base; Pawtucket 3 - Rochester 2 |
| TOP OF THE 7TH |
|
Pawtucket Red Sox batting - Pitching for Rochester Red Wings : LHP David Gordon
|
|
Pitching: RHP Bryan Hallman
|
|
|
Batting: SHB Gus Cruz
|
0-0: Ball 1-0: SINGLE (Groundball, 25, EV 68.1 MPH) (infield hit)
|
|
Batting: RHB Matt Hinkle
|
0-0: Called Strike Gus Cruz steals 2nd base 0-1: Called Strike 0-2: Ball 1-2: Ball 2-2: Foul Ball, location: 2F 2-2: Strikes out looking
|
|
Pinch Hitting: LHB Zack Guillen
|
0-0: Intentional Walk
|
|
Batting: RHB Roberto Morales
|
0-0: Called Strike 0-1: Ball 1-1: Swinging Strike 1-2: Reached on error, E5 (Groundball, 5, EV 83.8 MPH) Gus Cruz to third Zack Guillen to second
|
|
Batting: RHB Joe Sandoval
|
0-0: Called Strike 0-1: Ball 1-1: Foul Ball, location: 2F 1-2: Ball 2-2: Foul Ball, location: 2F 2-2: Strikes out looking
|
|
Batting: RHB Brandon Perris
|
0-0: Ball 1-0: Called Strike 1-1: Swinging Strike 1-2: Hit by Pitch Gus Cruz scores Zack Guillen to third Roberto Morales to second
|
|
Pinch Runner at 1st Dave Burwell:
|
|
|
Pinch Hitting: SHB Ben Ervin
|
0-0: Ball 1-0: Called Strike 1-1: Ball 2-1: Foul Ball, location: 2F 2-2: Foul Ball, location: 2F 2-2: Ball 3-2: Ground out 4-3 (Groundball, 4, EV 103.8 MPH)
|
| Top of the 7th over - 1 run, 1 hit, 1 error, 3 left on base; Pawtucket 4 - Rochester 2 |
| BOTTOM OF THE 7TH |
|
Rochester Red Wings batting - Pitching for Pawtucket Red Sox : RHP Graham Jackson
|
|
Now at 1B: Ben Ervin
|
|
|
Now at 2B: Matt Hinkle
|
|
|
Now at 3B: Joe Sandoval
|
|
|
Now at SS: Gus Cruz
|
|
|
Now in LF: Dave Burwell
|
|
|
Now in RF: Zack Guillen
|
|
|
Batting: RHB Cyril Husson
|
0-0: SINGLE (Groundball, 25, EV 75.6 MPH) (infield hit)
|
|
Batting: RHB Ryan Gautney
|
0-0: Called Strike 0-1: Ball Cyril Husson steals 2nd base 1-1: Ball 2-1: Fly out, F3 (Line Drive, 3, EV 68.8 MPH)
|
|
Pitching: RHP Danny Klomp
|
|
|
Batting: LHB Tyler Allen
|
0-0: Ground out U3 (Groundball, 3, EV 106.9 MPH) Cyril Husson to third
|
|
Batting: RHB José Molina
|
0-0: Ball 1-0: Called Strike 1-1: Ball 2-1: Foul Ball, location: 2F 2-2: Strikes out swinging
|
| Bottom of the 7th over - 0 runs, 1 hit, 0 errors, 1 left on base; Pawtucket 4 - Rochester 2 |
| TOP OF THE 8TH |
|
Pawtucket Red Sox batting - Pitching for Rochester Red Wings : RHP Bryan Hallman
|
|
Pitching: LHP Brian Walters
|
|
|
Batting: RHB Ted Emmerich
|
0-0: Called Strike 0-1: Swinging Strike 0-2: Foul Ball, location: 2F 0-2: Ball 1-2: Ball 2-2: Foul Ball, location: 2F 2-2: Strikes out looking
|
|
Batting: RHB Joe Evrard
|
0-0: Called Strike 0-1: Ball 1-1: Ball 2-1: Ground out 6-3 (Groundball, 56, EV 94.4 MPH)
|
|
Batting: SHB Gus Cruz
|
0-0: Ball 1-0: Foul Ball, location: 2F 1-1: Ball 2-1: Fly out, F1 (Line Drive, P, EV 68.8 MPH)
|
| Top of the 8th over - 0 runs, 0 hits, 0 errors, 0 left on base; Pawtucket 4 - Rochester 2 |
| BOTTOM OF THE 8TH |
|
Rochester Red Wings batting - Pitching for Pawtucket Red Sox : RHP Danny Klomp
|
|
Batting: SHB Ian Thompson
|
0-0: Ball 1-0: Foul Ball, location: 2F 1-1: Foul Ball, location: 2F 1-2: Foul Ball, location: 2F 1-2: Ball 2-2: Foul Ball, location: 2F 2-2: Ball 3-2: Fly out, F9 (Flyball, 89D, EV 79.4 MPH)
|
|
Batting: RHB Leo Gonzalez
|
0-0: Ball 1-0: Foul Ball, location: 2F 1-1: SINGLE (Groundball, 56D, EV 96.9 MPH)
|
|
Batting: RHB Colin Boddy
|
0-0: Fly out, F9 (Flyball, 9D, EV 97.5 MPH)
|
|
Batting: LHB Chaim Huting
|
0-0: Ball 1-0: Called Strike 1-1: Fly out, F7 (Flyball, 7, EV 88.8 MPH)
|
| Bottom of the 8th over - 0 runs, 1 hit, 0 errors, 1 left on base; Pawtucket 4 - Rochester 2 |
| TOP OF THE 9TH |
|
Pawtucket Red Sox batting - Pitching for Rochester Red Wings : LHP Brian Walters
|
|
Batting: RHB Matt Hinkle
|
0-0: Called Strike 0-1: Ball 1-1: Foul Ball, location: 2F 1-2: Fly out, F7 (Line Drive, 7LS, EV 92.5 MPH)
|
|
Batting: LHB Zack Guillen
|
0-0: Swinging Strike 0-1: Ball 1-1: Foul Ball, location: 2F 1-2: Foul Ball, location: 2F 1-2: Fly out, F6 (Popup, 6MS, EV 88.1 MPH)
|
|
Batting: RHB Roberto Morales
|
0-0: Ball 1-0: Foul Ball, location: 2F 1-1: Foul Ball, location: 2F 1-2: Strikes out looking
|
| Top of the 9th over - 0 runs, 0 hits, 0 errors, 0 left on base; Pawtucket 4 - Rochester 2 |
| BOTTOM OF THE 9TH |
|
Rochester Red Wings batting - Pitching for Pawtucket Red Sox : RHP Danny Klomp
|
|
Pitching: RHP Jim Whiteman
|
|
|
Batting: SHB Manny Molina
|
0-0: SINGLE (Groundball, 6MS, EV 68.8 MPH) (infield hit)
|
|
Batting: RHB Cyril Husson
|
0-0: Fly out, F9 (Flyball, 9S, EV 83.1 MPH)
|
|
Batting: RHB Ryan Gautney
|
0-0: Ball 1-0: Called Strike 1-1: Ball 2-1: Ball 3-1: Swinging Strike 3-2: Foul Ball, location: 2F 3-2: Strikes out looking Manny Molina is caught stealing 2nd base 2-4 Batter strikes out.
|
| Bottom of the 9th over - 0 runs, 1 hit, 0 errors, 0 left on base; Pawtucket 4 - Rochester 2 |
|